 Dungeon Crawl Stone Soup version 0.29.1-15-g9cfb28693d (webtiles) character file.

Game seed: 2495502556267900727

1027 Haiku the Ruffian (level 8, -1/75 HPs)
             Began as a Troll Berserker on Mar 3, 2023.
             Was a Believer of Trog.
             Slain by a water moccasin zombie (7 damage)
             ... in an ossuary.
             The game lasted 00:06:45 (1752 turns).

Haiku the Ruffian (Troll Berserker)                 Turns: 1752, Time: 00:06:51

Health: -1/75      AC:  5    Str: 26    XL:     8   Next: 3%
Magic:  7/7        EV: 14    Int:  5    God:    Trog [**....]
Gold:   134        SH:  0    Dex:  9    Spells: 7/7 levels left

rFire   . . .      SeeInvis .     - Unarmed
rCold   . . .      Faith    .   (no shield)
rNeg    + . .      Spirit   .   a - +1 animal skin
rPois   .          Reflect  .   (helmet restricted)
rElec   .          Harm     .   (no cloak)
rCorr   .          Rampage  .   (gloves unavailable)
Will    .....                   (boots unavailable)
Stlth   +.........              (no amulet)
HPRegen 1.02/turn               f - +4 ring of evasion
MPRegen 0.10/turn               k - ring of positive energy

@: on berserk cooldown, slowed, very slow
A: large, unfitting armour, claws 3, regeneration 1, shaggy fur 1, tough skin 1
a: Renounce Religion, Berserk, Trog's Hand


You were in an ossuary.
You worshipped Trog.
Trog was pleased with you.
You visited 1 branch of the dungeon, and saw 5 of its levels.
You also visited: Ossuary.

You collected 134 gold pieces.

Inventory:

Missiles
 m - 4 silver javelins (quivered)
 q - 6 boomerangs
Armour
 a - a +1 animal skin (worn)
Jewellery
 f - a +4 ring of evasion (left claw)
 k - a ring of positive energy (right claw)
Wands
 n - a wand of flame (7)
 o - a wand of charming (10)
Scrolls
 e - a scroll of brand weapon
 r - a scroll of teleportation
Potions
 b - a potion of mutation {unknown}
 d - a potion of degeneration {unknown}
 g - a potion of cancellation {unknown}
 h - a potion of flight {unknown}
 i - a potion of lignification {unknown}
 j - 2 potions of curing {unknown}
 l - a potion of ambrosia {unknown}
 p - 3 potions of might {unknown}


   Skills:
 * Level 3.5 Fighting
 * Level 1.5 Throwing
 * Level 2.1 Armour
 * Level 4.0 Dodging
 * Level 1.3 Stealth
 * Level 6.8 Unarmed Combat
 * Level 1.1 Evocations


You had 7 spell levels left.
You didn't know any spells.
Your spell library was empty.

Dungeon Overview and Level Annotations

Branches:
Dungeon (5/15)             Temple (0/1) D:4         Ossuary (1/1)

Altars:
Fedhas


Innate Abilities, Weirdness & Mutations

You are too large for most types of armour.
You have claws for hands.
Your natural rate of healing is unusually fast.
You are covered in fur. (AC +1)
You have tough skin. (AC +1)


Message History

You barely miss the hornet zombie.
The hornet zombie is heavily damaged.
The hornet zombie closely misses you. The wyvern zombie barely misses you.
The centaur zombie hits you. The centaur zombie misses you.
The hornet zombie hits you! The wyvern zombie barely misses you.
You claw the hornet zombie!
The hornet zombie is severely damaged.
The centaur zombie misses you. The centaur zombie barely misses you.
The hornet zombie hits you! The wyvern zombie bites you!
* * * LOW HITPOINT WARNING * * *
The centaur zombie completely misses you.
The centaur zombie kicks you but does no damage.
The wyvern zombie misses you.
You feel much better. The centaur zombie hits you.
The centaur zombie misses you. The wyvern zombie closely misses you.
The centaur zombie barely misses you.
The centaur zombie completely misses you.
The wyvern zombie bites you.
As you read the scroll of teleportation, it crumbles to dust.
You feel strangely unstable. The centaur zombie hits you.
The centaur zombie kicks you. The wyvern zombie bites you!
* * * LOW HITPOINT WARNING * * *
The mummy barely misses you. The centaur zombie closely misses you.
The centaur zombie misses you.
Unknown command.
You scratch the mummy but do no damage. The wyvern zombie bites you!
* * * LOW HITPOINT WARNING * * *
The centaur zombie closely misses you.
The centaur zombie kicks you but does no damage.
The wyvern zombie bites you!
* * * LOW HITPOINT WARNING * * *
The mummy closely misses you. The centaur zombie closely misses you.
The centaur zombie misses you.
You claw the mummy!
The mummy is heavily damaged.
Your surroundings suddenly seem different.
A bullfrog zombie, a mummy, a howler monkey zombie and a water moccasin zombie come into view.
A killer bee zombie comes into view.
The water moccasin zombie bites you!
You die...

### # #.#
#'#Z#'#'#+###
~~ZM..Z@..'.#
###.#####Z###
+~# + # #.~
ā‰ˆ## +~#
ā‰ˆā‰ˆ##M#
#..~~
##~.#####
#..~#.Zāˆ©#


You could see a mummy, a water moccasin zombie, a bullfrog zombie, a killer bee
zombie (wandering) and a howler monkey zombie (wandering).

Vanquished Creatures
  Sigmund (D:3)
  A water moccasin (D:5)
  A scorpion (D:5)
  A necrophage (D:5)
  3 wights (D:5)
  A howler monkey (D:4)
  A bullfrog zombie (Ossuary)
  A jelly (D:5)
  An orc priest (D:5)
  Crazy Yiuf (D:4)
  6 mummies (Ossuary)
  An iguana (D:4)
  2 orc wizards (D:5)
  A howler monkey zombie (Ossuary)
  3 adders
  An ufetubus (D:5)
  A worm (D:4)
  2 orcs
  4 bats
  6 endoplasms
  7 goblins
  6 hobgoblins
  2 jackals (D:1)
  2 kobolds (D:1)
  2 quokkas
  4 ball pythons
  A frilled lizard (D:2)
63 creatures vanquished.

Vanquished Creatures (others)
  An orc wizard (D:5)
  5 withered plants (Ossuary)
6 creatures vanquished.

Grand Total: 69 creatures vanquished

Notes
Turn   | Place    | Note
-------+----------+-------------------------------------------
     0 | D:1      | Haiku the Troll Berserker began the quest for the Orb.
     0 | D:1      | Reached XP level 1. HP: 22/22 MP: 0/0
   115 | D:1      | Reached XP level 2. HP: 22/29 MP: 1/1
   463 | D:2      | Reached XP level 3. HP: 36/36 MP: 2/2
   522 | D:3      | Reached ** piety under Trog
   541 | D:3      | Noticed Sigmund
   578 | D:3      | Killed Sigmund
   579 | D:3      | Reached skill level 1 in Armour
   579 | D:3      | Reached skill level 4 in Unarmed Combat
   579 | D:3      | Reached XP level 4. HP: 25/45 MP: 3/3
   579 | D:3      | Reached XP level 5. HP: 30/53 MP: 4/4
   777 | D:4      | Found a staircase to the Ecumenical Temple.
  1038 | D:4      | Found a runed translucent door.
  1039 | D:4      | Noticed Crazy Yiuf
  1047 | D:4      | Killed Crazy Yiuf
  1223 | D:4      | Found a blossoming altar of Fedhas.
  1239 | D:4      | Reached XP level 6. HP: 53/61 MP: 5/5
  1317 | D:5      | Entered Level 5 of the Dungeon
  1327 | D:5      | Reached skill level 5 in Unarmed Combat
  1355 | D:5      | Reached skill level 1 in Stealth
  1412 | D:5      | Reached XP level 7. HP: 40/67 MP: 6/6
  1420 | D:5      | Reached skill level 1 in Throwing
  1613 | D:5      | Reached skill level 6 in Unarmed Combat
  1648 | D:5      | Reached skill level 1 in Evocations
  1654 | D:5      | Found a sand-covered staircase.
  1669 | Ossuary  | Entered an ossuary
  1743 | Ossuary  | Reached XP level 8. HP: 56/75 MP: 7/7
  1752 | Ossuary  | Slain by a water moccasin zombie

Illustrated notes

Levels and vault maps discovered:
D:1:      dpeg_arrival_water_temple_mockup, layout_loops_ring,
          nicolae_ecumenical_snake_handling, minmay_shallow_snake_nest
D:2:      layout_rooms
D:3:      layout_basic, uniq_jessica, uniq_sigmund
D:4:      layout_gridville, fedhas_altar_2, minmay_temple_entry_glassed_door,
          amcnicky_mini_corridor_feature, uniq_grinder, uniq_crazy_yiuf_cottage
D:5:      layout_loops_corners, nicolae_ossuary_entry_ruins, solitary_fountain
Ossuary:  ossuary_zaba_flooded

Skill      XL: |  1  2  3  4  5  6  7 |
---------------+----------------------+-----
Fighting       | 3 |  3.5
Armour         | 1 2 |  2.1
Dodging        | 3 4 |  4.0
Unarmed Combat | 4 5 6 |  6.8
Stealth        | 1 |  1.3
Throwing       | 1 |  1.5
Evocations     | 1 |  1.1

Action                   |  1- 3 |  4- 6 |  7- 9 || total
-------------------------+-------+-------+-------++-------
Melee: Unarmed           |    84 |    65 |    74 ||   223
       Punch             |       |     1 |       ||     1
Throw: Javelin           |       |       |     1 ||     1
Invok: Berserk           |       |     1 |     2 ||     3
  Use: Scroll            |     2 |     3 |     2 ||     7
       Potion            |       |     1 |     2 ||     3
 Stab: Sleeping          |     1 |       |       ||     1
Armor: Animal skin       |    19 |     7 |    30 ||    56
Dodge: Dodged            |    52 |    43 |    83 ||   178
